 Dungeon Crawl Stone Soup version 0.20-a0-1073-g49e0d3e (webtiles) character file.

34 Rrauwl the Chiller (level 3, -3/26 HPs)
             Began as a Ghoul Ice Elementalist on Apr 29, 2017.
             Slain by a shadow imp (5 damage)
             ... summoned by Natasha
             ... on level 2 of the Dungeon.
             The game lasted 00:03:33 (851 turns).

Rrauwl the Chiller (Ghoul Ice Elementalist)          Turns: 851, Time: 00:03:34

Health: -3/26      AC:  2    Str: 11    XL:     3   Next: 31%
Magic:  3/5        EV: 12    Int: 10    God:
Gold:   40         SH:  0    Dex: 10    Spells: 2/6 levels left

rFire    . . .     SeeInvis .   a - +1 dagger (drain)
rCold    + . .     Gourm    .   (no shield)
rNeg     + + +     Faith    .   f - +0 robe
rPois    ∞         Spirit   .   (no helmet)
rElec    .         Reflect  .   (no cloak)
rCorr    .         Harm     .   (no gloves)
MR       .....                  (no boots)
Stlth    ++........             (no amulet)
Regen    0.0/turn               (no ring)
MPRegen  0.1/turn               (no ring)

@: rotting
A: rotting body, claws 1, carnivore 3, cold resistance 1, negative energy
resistance 3, inhibited regeneration, torment resistance, unbreathing
a: no special abilities


You were on level 2 of the Dungeon.
You were not hungry.

You visited 1 branch of the dungeon, and saw 2 of its levels.

You collected 40 gold pieces.

Inventory:

Hand Weapons
 a - a +1 dagger of draining (weapon)
Missiles
 k - 9 bolts
Armour
 f - a +0 robe (worn)
Scrolls
 e - a scroll of enchant weapon {unknown}
 h - 2 scrolls of remove curse {unknown}
 i - 2 scrolls of identify {unknown}
Potions
 g - 2 potions of haste {unknown}
 j - a potion of curing {unknown}
Books
 b - a book of Frost

   Spells                             Type                      Level
   a - Freeze                         Ice                          1
   b - Throw Frost                    Conjuration/Ice              2
   c - Ozocubu's Armour               Charms/Ice                   3
   d - Throw Icicle                   Conjuration/Ice              4
   e - Summon Ice Beast               Ice/Summoning                4
Comestibles
 c - a meat ration
 d - a chunk of flesh


   Skills:
 - Level 0.6 Short Blades
 + Level 2.2 Dodging
 + Level 2.6 Stealth
 - Level 2.0 Spellcasting
   Level 0.7 Conjurations
 + Level 0.0 Charms
 + Level 3.7 Ice Magic


You had 2 spell levels left.
You knew the following spells:

 Your Spells              Type           Power        Failure   Level  Hunger
a - Freeze                Ice            #...         7%          1    ##.....
b - Ozocubu's Armour      Chrm/Ice       #.......     41%         3    ####...


Dungeon Overview and Level Annotations

Branches:
Dungeon (2/15)

Altars:

Annotations:
D:2 Natasha


Innate Abilities, Weirdness & Mutations

Your body is rotting away.
You thrive on raw meat.
You are immune to poison.
You have sharp fingernails.
You are carnivorous and can eat meat at any time.
Your flesh is cold resistant. (rC+)
You are immune to negative energy. (rN+++)
You do not regenerate when monsters are visible.
You are immune to unholy pain and torment.
You can survive without breathing.


Message History

* * * LOW HITPOINT WARNING * * *
Natasha closely misses you.
Cast which spell? (? or * to list)
Aiming: Freeze
Press: ? - help, Shift-Dir - straight line, f - Natasha
Aim: Natasha (heavily wounded)
You freeze Natasha.
Natasha is heavily wounded.
The shadow imp closely misses you. Natasha claws you.
* * * LOW HITPOINT WARNING * * *
Casting: Freeze
Confirm with . or Enter, or press ? or * to list all spells.
Aiming: Freeze
Press: ? - help, Shift-Dir - straight line, f/p - Natasha
Aim: Natasha (heavily wounded)
You freeze Natasha.
Natasha is almost dead.
The shadow imp grins evilly.
The shadow imp hits you.
You die...

#..r #... .... ...#
#..#######.#...
#..#..@h5b....
#.####...5####.#..
..?.......### .#
...######...# .#
...# ###.##.#
...#### #.(..#
......#####..# .#
###....####..#...##
...................


You could see Natasha, 2 shadow imps and a bat.

Vanquished Creatures
  An adder (D:2)
  A leopard gecko (D:1)
  5 bats (D:1)
  2 giant cockroaches (D:1)
  A hobgoblin (D:1)
  4 jackals (D:1)
  2 kobolds (D:1)
  A frilled lizard (D:1)
  3 goblins (D:1)
20 creatures vanquished.

Notes
Turn   | Place    | Note
-------+----------+-------------------------------------------
     0 | D:1      | Rrauwl the Ghoul Ice Elementalist began the quest for the Orb.
     0 | D:1      | Reached XP level 1. HP: 14/14 MP: 2/2
   191 | D:1      | Reached XP level 2. HP: 20/20 MP: 3/3
   762 | D:1      | Reached XP level 3. HP: 26/26 MP: 4/4
   830 | D:2      | Learned a level 3 spell: Ozocubu's Armour
   837 | D:2      | Noticed Natasha
   851 | D:2      | Slain by a shadow imp

Vault maps used:
D:1:      dpeg_arrival_erosion, serial_co_window_serial,
          co_window_of_opportunity_a, co_window_paths_a, co_window_paths_a,
          co_window_corner_a, co_window_paths_a, co_window_broadway_c,
          co_window_corner_ca, co_window_of_opportunity_b, co_window_cross_4,
          co_window_corner_b, co_window_paths_c, co_window_2corner,
          glass_columns_b, glass_columns_b, glass_columns_b, glass_columns_b
D:2:      first_bread, uniq_natasha

Skill      XL: |  1  2  3 |
---------------+----------+-----
Dodging        | 2 |  2.2
Spellcasting   | 2 |  2.0
Short Blades   | |  0.6
Stealth        | |  2.6
Conjurations   | |  0.7
Ice Magic      | |  3.7

Action                   || total
-------------------------++-------
Melee: Dagger            ||    72
       Unarmed           ||     4
 Cast: Freeze            ||     2
 Stab: Sleeping          ||     2
  Eat: Chunk             ||     3
Armor: Robe              ||    22
Dodge: Dodged            ||    72
